Map: Desvio para o Azul LE

Players

Vicster - Winner!

  • Race: Terran Terran
  • League: Gold
  • Spawn Location: 1:00

Rex

  • Race: Protoss Protoss
  • League: Gold
  • Spawn Location: 7:00

VOD

Have the link to the VOD?

Description

Time

  • Played on: Jan. 6, 2019, 5:43 p.m.
  • Length: 17:49
Show
View Real Time Build Order
Export as new Build Order

Vicster Terran - Winner!

Build Orders: Mech 

Get SALT Encoding   

  12  0:01  SCV  
  13  0:13  SCV  
  14  0:18  Supply Depot  
  14  0:25  SCV  
  15  0:39  SCV  
  15  0:42  Barracks  
  16  0:52  SCV  
  16  0:53  Refinery  
  17  1:04  SCV  
  18  1:16  SCV  
  19  1:29  Orbital Command  
  19  1:30  Marine  
  20  1:43  Command Center  
  20  1:55  SCV  
  20  1:58  Factory  
  21  2:04  Barracks Tech Lab  
  21  2:07  SCV  
  22  2:11  Refinery  
  22  2:19  SCV  
  22  2:21  Supply Depot  
  23  2:43  SCV  
  23  2:52  Bunker  
  23  2:55  Siege Tank  
  23  2:57  Orbital Command  
  23  2:58  SCV, Supply Depot  
  27  3:10  SCV  
  28  3:13  Engineering Bay  
  28  3:22  SCV  
  28  3:25  Supply Depot  
  29  3:34  Siege Tank  
  32  3:35  SCV  
  33  3:42  Missile Turret  
  33  3:43  Missile Turret  
  33  3:47  SCV  
  34  3:53  SCV  
  35  3:59  SCV  
  36  4:05  Armory  
  36  4:06  Siege Tank  
  39  4:12  Refinery  
  39  4:13  SCV  
  39  4:14  Refinery, SCV  
  41  4:25  SCV  
  42  4:31  Factory  
  42  4:32  SCV  
  42  4:37  SCV  
  42  4:38  Siege Tank  
  47  4:44  SCV  
  48  4:49  SCV  
  49  4:55  Factory  
  49  4:56  Terran Vehicle Weapons Level 1, SCV  
  50  5:01  SCV  
  51  5:15  Command Center  
  51  5:16  Thor  
  57  5:23  Factory Reactor  
  57  5:26  SCV x2  
  59  5:38  SCV x2, Supply Depot  
  59  5:41  Factory Reactor  
  61  5:43  Supply Depot  
  61  5:50  SCV  
  62  6:00  SCV  
  62  6:02  SCV  
  64  6:08  Factory  
  64  6:09  Factory  
  64  6:11  Factory  
  64  6:12  SCV  
  64  6:14  SCV  
  66  6:24  SCV  
  67  6:26  SCV  
  67  6:32  Supply Depot  
  69  6:34  Orbital Command  
  69  6:36  SCV  
  69  6:37  Hellion x2  
  69  6:38  SCV, Hellion  
  76  6:43  Factory  
  76  6:45  Factory  
  76  6:47  Thor  
  76  6:48  SCV  
  76  6:50  Terran Vehicle And Ship Armor Level 1  
  76  6:51  SCV  
  76  6:54  Factory Tech Lab x2  
  84  6:55  Factory Tech Lab, Supply Depot  
  84  7:00  SCV x2  
  86  7:03  SCV  
  87  7:12  SCV  
  87  7:13  SCV  
  87  7:15  Thor, SCV  
  96  7:27  Orbital Command  
  96  7:31  Factory Tech Lab  
  96  7:32  Command Center  
  96  7:44  Supply Depot  
  96  7:45  SCV  
  96  7:46  SCV  
  96  7:51  Factory Tech Lab  
  98  7:53  Thor  
  98  7:57  SCV  
  105  7:58  SCV  
  105  7:59  Hellbat  
  105  8:04  Supply Depot  
  105  8:05  Thor, Hellbat  
  116  8:09  SCV  
  116  8:10  Supply Depot  
  117  8:25  SCV x2  
  119  8:29  Supply Depot  
  113  8:44  Terran Vehicle Weapons Level 2  
  113  8:49  SCV x3  
  116  9:01  SCV x3  
  119  9:12  Refinery x2  
  119  9:13  Refinery, SCV  
  119  9:14  SCV x2  
  122  9:22  Hellion  
  122  9:25  SCV  
  122  9:26  SCV x2  
  122  9:28  Factory  
  122  9:30  Thor x2  
  137  9:33  Hellbat  
  137  9:37  SCV  
  140  9:39  Refinery  
  140  9:41  Thor, SCV  
  140  9:42  Hellbat  
  140  9:44  Hellbat  
  140  9:46  Hellbat x2  
  138  10:03  Planetary Fortress  
  138  10:25  SCV x2  
  140  10:29  Command Center  
  140  10:37  Supply Depot  
  140  10:39  Supply Depot  
  140  10:42  Supply Depot  
  140  10:43  Supply Depot  
  140  10:44  Supply Depot  
  140  10:58  SCV x2  
  140  10:59  Hellbat x3, Terran Vehicle And Ship Armor Level 2  
  140  11:01  Hellbat x4  
  140  11:02  Factory Tech Lab  
  140  11:03  Thor  
  164  11:04  Hellbat, SCV  
  164  11:10  SCV x2  
  167  11:15  Command Center  
  167  11:16  SCV  
  168  11:20  Hellbat x3  
  168  11:22  Hellbat x3  
  180  11:29  Factory  
  180  11:36  Factory x2  
  180  11:41  Thor, SCV x2, Hellbat x2  
  193  11:47  SCV x2  
  193  11:53  SCV  
  195  12:06  Refinery  
  195  12:09  Supply Depot  
  195  12:12  Supply Depot  
  195  12:15  Supply Depot  
  195  12:21  Factory  
  195  12:24  Factory  
  195  12:27  Refinery, SCV x3  
  198  12:32  Supply Depot  
  198  12:35  Supply Depot  
  198  12:39  Supply Depot  
  198  12:40  SCV  
  198  12:41  SCV  
  200  12:51  Command Center  
  198  13:15  Terran Vehicle Weapons Level 3  
  198  13:16  Factory Tech Lab x2  
  198  13:17  Factory Tech Lab x3  
  196  13:21  Thor  
  196  13:22  Factory  
  196  13:23  Factory  
  196  13:24  Command Center  
  200  13:40  Thor  
  160  14:00  Thor x7  
  176  14:34  Thor  
  176  14:35  Thor x4  
  194  14:42  Thor  
  194  14:43  Thor x2  
  200  15:06  Planetary Fortress  
  200  15:14  Missile Turret  
  200  15:15  Command Center, Missile Turret  
  200  15:18  Missile Turret  
  200  15:21  Planetary Fortress  
  200  15:23  Missile Turret x2  
  200  15:24  Missile Turret  
  200  15:26  Missile Turret  
  200  15:27  Planetary Fortress  
  200  15:35  Missile Turret  
  200  15:37  Missile Turret  
  200  15:40  Missile Turret x2  
  200  15:42  Missile Turret  
  200  15:43  Missile Turret x3  
  200  15:47  Missile Turret  
  200  16:07  Refinery x2, Missile Turret  
  200  16:16  Factory Tech Lab  
  200  16:17  Factory Tech Lab  
  200  16:27  Missile Turret  
  200  16:35  Refinery  
  200  16:36  Refinery  
  200  16:54  Refinery, Orbital Command  
  200  17:07  Missile Turret  
  200  17:08  Missile Turret  
  200  17:09  Missile Turret  
  200  17:12  Missile Turret  
Show
View Real Time Build Order
Export as new Build Order

Rex Protoss 

Build Orders: Blink Stalkers, Carriers 

Get SALT Encoding   

  12  0:02  Probe  
  13  0:17  Probe  
  13  0:18  Pylon  
  14  0:25  Probe  
  14  0:35  Probe  
  16  0:47  Probe  
  17  0:59  Probe  
  17  1:02  Gateway  
  18  1:06  Forge  
  18  1:09  Assimilator  
  18  1:14  Assimilator  
  18  1:33  Nexus, Probe  
  19  1:41  Probe  
  20  1:51  Probe, Pylon  
  21  2:11  Zealot  
  23  2:15  Probe  
  23  2:17  Photon Cannon  
  24  2:23  Probe  
  24  2:29  Cybernetics Core  
  25  2:33  Probe  
  26  2:50  Probe  
  26  2:56  Warp Gate  
  27  2:58  Probe  
  27  3:01  Pylon  
  27  3:05  Pylon  
  28  3:08  Probe  
  28  3:11  Stalker  
  31  3:20  Probe  
  31  3:21  Twilight Council  
  31  3:23  Pylon  
  32  3:32  Probe  
  33  3:40  Blink  
  33  3:44  Probe  
  33  3:46  Stalker  
  36  3:52  Gateway  
  36  3:53  Gateway  
  36  3:56  Probe  
  37  4:08  Probe  
  37  4:09  Protoss Ground Weapons Level 1  
  38  4:18  Probe  
  38  4:19  Photon Cannon  
  39  4:26  Probe  
  39  4:30  Assimilator  
  40  4:35  Probe, Assimilator  
  41  4:43  Gateway  
  41  4:46  Gateway  
  41  4:47  Probe, Gateway  
  42  4:57  Pylon  
  42  4:59  Sentry, Probe  
  45  5:04  Sentry x2  
  49  5:14  Probe  
  50  5:22  Probe  
  51  5:31  Pylon  
  51  5:32  Probe  
  52  5:41  Charge  
  52  6:03  Stalker x3  
  52  6:04  Stalker x2  
  60  6:05  Stalker  
  64  6:39  Probe  
  65  6:46  Zealot x2  
  69  6:47  Zealot x4  
  69  6:50  Protoss Ground Armor Level 1  
  69  6:51  Probe  
  78  6:56  Templar Archives  
  78  7:03  Probe  
  79  7:17  Nexus  
  79  7:21  Stargate  
  79  7:22  Stargate  
  79  7:35  Stalker  
  79  7:36  Stalker  
  79  7:37  Stalker  
  85  8:10  Pylon  
  85  8:12  Pylon  
  85  8:13  Pylon  
  85  8:14  Pylon  
  85  8:15  Psionic Storm, Pylon  
  85  8:21  Assimilator  
  85  8:22  Pylon  
  85  8:25  Assimilator, Pylon  
  45  8:48  Zealot x2  
  45  8:49  Zealot x4  
  45  8:53  Void Ray  
  45  8:54  Void Ray  
  65  9:04  Fleet Beacon  
  65  9:05  Probe  
  66  9:13  Probe  
  66  9:14  Zealot  
  66  9:15  Zealot x4  
  66  9:16  Zealot  
  78  9:22  Probe  
  78  9:23  Shield Battery  
  79  9:27  Photon Cannon  
  70  9:52  Zealot x4  
  62  9:53  Zealot x2  
  62  9:56  Void Ray x2  
  76  10:06  Shield Battery  
  76  10:09  Photon Cannon  
  76  10:11  Probe  
  77  10:23  Probe  
  78  10:36  Probe  
  78  10:41  Stalker x3  
  78  10:42  Stalker x2  
  87  10:43  Stalker  
  91  10:57  Mothership  
  91  11:04  Void Ray  
  91  11:07  Void Ray  
  99  11:13  Sentry  
  109  11:34  Probe  
  110  11:42  Probe  
  110  11:45  Protoss Shields Level 1  
  110  11:47  Protoss Air Weapons Level 1  
  111  11:51  Probe  
  112  12:03  Probe  
  113  12:11  Carrier x2  
  125  12:16  Probe  
  125  12:43  Stalker x4  
  133  12:44  Stalker x2  
  127  13:07  Zealot x2  
  127  13:08  Zealot x4  
  135  13:40  Pylon  
  133  13:42  Pylon  
  133  13:44  Pylon  
  133  13:45  Pylon  
  109  13:53  Zealot x4  
  109  13:54  Zealot x2  
  89  14:09  Carrier  
  95  14:14  Stalker  
  95  14:15  Stalker x3  
  95  14:16  Stalker x2  
  71  14:38  Mothership  
  60  14:44  Void Ray  
  68  15:13  Void Ray  
  72  15:33  Carrier  
  78  15:46  High Templar  
  80  15:54  High Templar  
  82  16:02  Carrier  
  88  16:38  Carrier  
Tags
 
Add a new tag
Caveats
  • Supply blocks, unpowered buildings, or Contaminate may cause inaccurate times.
  • Supply counts are checked every 10 seconds.